 Dungeon Crawl Stone Soup version 0.27.1-34-g3ba077fa99 (webtiles) character file.

Game seed: 14390078107930587456

364 pkoi the Insei (level 6, -11/51 HPs)
             Began as a Draconian Monk on Jan 17, 2022.
             Mangled by Blork the orc (17 damage)
             ... on level 4 of the Dungeon.
             The game lasted 00:04:22 (4919 turns).

pkoi the Insei (Draconian Monk)                     Turns: 4919, Time: 00:04:23

Health: -11/51     AC: 11    Str: 13    XL:     6   Next: 39%
Magic:  6/6        EV: 12    Int: 19    God:
Gold:   180        SH:  0    Dex: 13    Spells: 5/5 levels left

rFire    . . .     SeeInvis .     - Unarmed
rCold    . . .     Faith    .   (no shield)
rNeg     . . .     Spirit   .   (armour unavailable)
rPois    .         Reflect  .   (helmet restricted)
rElec    .         Harm     .   (no cloak)
rCorr    .         Rampage  .   g - +0 pair of gloves
Will     .....                  (no boots)
Stlth    ++........             (no amulet)
HPRegen  0.17/turn              o - +6 ring of intelligence
MPRegen  0.10/turn              q - +4 ring of protection

@: mighty
A: AC +6, unfitting armour, cold-blooded
a: no special abilities


You were on level 4 of the Dungeon.
You visited 1 branch of the dungeon, and saw 4 of its levels.

You collected 180 gold pieces.

Inventory:

Hand Weapons
 c - a +0 dagger
 n - a +1 dagger of electrocution
Missiles
 j - 17 poisoned darts (quivered)
 p - 10 boomerangs
 s - 2 throwing nets
Armour
 g - a +0 pair of gloves (worn)
Jewellery
 l - an amulet of faith
 o - a +6 ring of intelligence (left hand)
 q - a +4 ring of protection (right hand)
Wands
 t - a wand of iceblast (7)
Scrolls
 m - a scroll of amnesia
Potions
 a - a potion of resistance
 f - a potion of mutation


   Skills:
 - Level 3.2 Fighting
 - Level 2.6 Dodging
 - Level 1.7 Stealth
 + Level 7.3 Unarmed Combat


You had 5 spell levels left.
You didn't know any spells.
Your spell library contained the following spells:

 Spells                   Type           Power      Damage    Failure   Level
 Olgreb's Toxic Radiance  Pois           0%         N/A       90%         4
 Ozocubu's Refrigeration  Ice            0%         4d5       100%        7
 Ignition                 Fire           0%         3d3       100%        8


Dungeon Overview and Level Annotations

Branches:
Dungeon (4/15)
 Temple: D:4-7

Altars:

Annotations:
D:3 1 runed translucent door, Crazy Yiuf
D:4 3 runed translucent doors, Blork the orc; Dowan; Duvessa; hawla's ghost, weakling DrDe


Innate Abilities, Weirdness & Mutations

Your plain brown scales are hard. (AC +6)
You cannot fit into any form of body armour.
You are cold-blooded and may be slowed by cold attacks.


Message History

Blork the orc is lightly wounded.
Blork the orc hits you with a +0 flail.
You hit Blork the orc.
Blork the orc is moderately wounded.
Blork the orc gestures wildly while chanting.
Blork the orc seems to speed up.
You hit Blork the orc.
Blork the orc is moderately wounded.
Blork the orc hits you with a +0 flail. Blork the orc casts a spell at you.
The magic dart hits you but does no damage.
You barely miss Blork the orc.
Blork the orc is moderately wounded.
Blork the orc hits you with a +0 flail.
You hit Blork the orc but do no damage.
Blork the orc is moderately wounded.
Blork the orc closely misses you. Blork the orc hits you with a +0 flail!
* * * LOW HITPOINT WARNING * * *
You hit Blork the orc.
Blork the orc is heavily wounded.
Blork the orc hits you with a +0 flail!
* * * LOW HITPOINT WARNING * * *
You hit Blork the orc but do no damage.
Blork the orc is heavily wounded.
Blork the orc closely misses you.
Blork the orc screams, "Die!"
Blork the orc looks satisfied for a moment.
You hit Blork the orc.
Blork the orc is heavily wounded.
Blork the orc misses you.
Unknown command.
You feel better. Blork the orc hits you with a +0 flail!
* * * LOW HITPOINT WARNING * * *
Blork the orc screams, "I'll rip your head off!"
Blork the orc completely misses you.
You feel very mighty all of a sudden. Blork the orc misses you.
Your +1 dagger of electrocution stops crackling.
You are now empty-handed.
Blork the orc hits you with a +0 flail!
You die...

**,,* *,**,***,* *,**,****#,#.#
*,,*****,**,**#.#**,**,#####.#.#
*,,,,,,,,**,,,...,..#*,#........
*,,,,,*****,,,...,..#*,#.###.###
*,,,,,* *,**#.#*#.#*,*,* #.*
***,*** *,* #S# #.#*,*!#*#,* *,*
*,* #h# #.#*,,..,,,* **+** *,*
#o# #.#**#.#**** **,,,**
#.###@###.# #.# **,,,,,**
#.........####.#### *,,,,,,<**
###.#.####........##
,,,,,,,,,***#....####.###.#...###
,,,,,,,,,+,......................
,,,,,,,,,*###....####.###.#.....#
*,,,,,,,** ##.#.# #.# #.....#.#
**,,,,,** ##..# #.# ####....#
**,,,** *.#* #.# #.#.##


You could see Blork the orc (fast, strong), a hound and an adder.

Vanquished Creatures
  Eustachio (D:4)
  An iguana (D:4)
  An orc wizard (D:4)
  A gnoll (D:3)
  7 adders
  An adder skeleton (D:4)
  A worm (D:2)
  2 dart slugs
  5 orcs (D:4)
  5 endoplasms
  7 giant cockroaches
  8 hobgoblins
  3 jackals (D:3)
  9 kobolds
  3 quokkas
  6 ball pythons
  9 bats
  3 frilled lizards
  4 goblins
  5 rats
82 creatures vanquished.

Vanquished Creatures (others)
  4 fungi (D:3)
4 creatures vanquished.

Grand Total: 86 creatures vanquished

Notes
Turn   | Place    | Note
-------+----------+-------------------------------------------
     0 | D:1      | pkoi the Draconian Monk began the quest for the Orb.
     0 | D:1      | Reached XP level 1. HP: 19/19 MP: 1/1
   345 | D:1      | Reached XP level 2. HP: 24/26 MP: 2/2
   760 | D:1      | Found a faded altar of an unknown god.
   768 | D:1      | Reached skill level 4 in Unarmed Combat
  1080 | D:2      | Reached XP level 3. HP: 31/31 MP: 3/3
  1699 | D:2      | Reached XP level 4. HP: 19/38 MP: 4/4
  1709 | D:2      | Reached skill level 5 in Unarmed Combat
  3457 | D:3      | Reached XP level 5. HP: 45/45 MP: 5/5
  3597 | D:3      | Found a runed translucent door.
  3598 | D:3      | Noticed Crazy Yiuf
  4051 | D:4      | Noticed Eustachio
  4063 | D:4      | Killed Eustachio
  4064 | D:4      | Reached skill level 6 in Unarmed Combat
  4064 | D:4      | Reached XP level 6. HP: 17/51 MP: 6/6
  4397 | D:4      | Noticed Dowan
  4399 | D:4      | Noticed Duvessa
  4535 | D:4      | Found a runed translucent gate.
  4535 | D:4      | Found a runed translucent gate.
  4537 | D:4      | Found a runed translucent gate.
  4547 | D:4      | Noticed hawla's ghost (weakling DrDe)
  4624 | D:4      | Reached skill level 7 in Unarmed Combat
  4905 | D:4      | Noticed Blork the orc
  4919 | D:4      | Mangled by Blork the orc

Illustrated notes

Levels and vault maps discovered:
D:1:      dpeg_arrival_round_a, layout_rooms,
          shapermc_ecumenical_altar_starsandcircs, kennysheep_nondescript,
          nrook_mini_vaults
D:2:      layout_basic
D:3:      kb_forest_paths, layout_basic, uniq_crazy_yiuf_cottage
D:4:      layout_loops_corners, gammafunk_ghost_split, uniq_blork_the_orc,
          uniq_duvessa, uniq_eustachio

Skill      XL: |  1  2  3  4  5  6 |
---------------+-------------------+-----
Unarmed Combat | 4 5 6 7 |  7.3
Fighting       | |  3.2
Dodging        | |  2.6
Stealth        | |  1.7

Action                   |  1- 3 |  4- 6 || total
-------------------------+-------+-------++-------
Melee: Unarmed           |   140 |   153 ||   293
       Tailslap          |    15 |    20 ||    35
       Punch             |       |     2 ||     2
       Dagger            |       |    28 ||    28
  Use: Scroll            |       |     5 ||     5
       Potion            |       |     7 ||     7
 Stab: Sleeping          |     6 |     3 ||     9
Armor: Skin              |    52 |    60 ||   112
Dodge: Dodged            |    84 |    94 ||   178
